 Dungeon Crawl Stone Soup version 0.30-a0-883-g5ad918d77d (webtiles) character file.

Game seed: 10707536371773156878

4209 NinjaNoafa the Thaumaturge (level 10, -1/77 HPs)
             Began as a Red Draconian Conjurer on Mar 16, 2023.
             Was a Follower of Sif Muna.
             Killed from afar by a manticore (5 damage)
             ... with a volley of spikes
             ... on level 8 of the Dungeon.
             The game lasted 00:16:10 (7346 turns).

NinjaNoafa the Thaumaturge (Red Draconian Conjurer) Turns: 7346, Time: 00:16:11

Health: -1/77      AC:  8    Str: 10    XL:     10   Next: 8%
Magic:  12/22      EV: 12    Int: 22    God:    Sif Muna [*.....]
Gold:   96         SH:  0    Dex: 10    Spells: 14/26 levels left

rFire   + + .      SeeInvis .    n - staff of cold
rCold   + + .      Faith    .    (no shield)
rNeg    + . .      Spirit   .    (body armour unavailable)
rPois   +          Reflect  .    (helmet restricted)
rElec   .          Rampage  .    F - scarf {rC+ rF+}
rCorr   .                        p - +0 pair of gloves
Will    .....                    (no boots)
Stlth   ++                       C - amulet of regeneration
HPRegen 1.12/turn                m - ring of poison resistance
MPRegen 0.18/turn                t - ring of positive energy

@: short of breath, spiked, very slightly contaminated
A: breathe fire, AC +7, unfitting armour, fire resistance 1, cold-blooded
a: Breathe Fire, Renounce Religion, Channel Magic


You were on level 8 of the Dungeon.
You worshipped Sif Muna.
Sif Muna was aware of your devotion.
You visited 2 branches of the dungeon, and saw 10 of its levels.

You collected 512 gold pieces.
You spent 416 gold pieces at shops.

Inventory:

Hand Weapons
 c - the +11 war axe of Cowardice {flame, rC+ SInv}
   (You found it on level 4 of the Dungeon)

   rC:        It protects you from cold.
   SInv:      It lets you see invisible.
Missiles
 g - 12 poisoned darts
 k - 6 javelins
 o - 6 boomerangs
 u - 5 atropa-tipped darts
 D - a curare-tipped dart
Armour
 p - a +0 pair of gloves (worn)
 F - a scarf of resistance (worn)
Magical Staves
 n - a staff of cold (weapon)
Jewellery
 m - a ring of poison resistance (left hand)
 s - a ring of fire
 t - a ring of positive energy (right hand)
 C - an amulet of regeneration (around neck)
Wands
 y - a wand of iceblast (21)
 E - a wand of charming (7)
Scrolls
 b - 2 scrolls of poison {unknown}
 f - 2 scrolls of immolation {unknown}
 h - 3 scrolls of blinking {unknown}
 i - 7 scrolls of identify {unknown}
 j - 2 scrolls of magic mapping {unknown}
 r - 2 scrolls of teleportation {unknown}
 w - a scroll of fear {unknown}
 A - a scroll of fog {unknown}
 B - a scroll of amnesia {unknown}
 G - a scroll of noise {unknown}
Potions
 d - 7 potions of curing {unknown}
 e - 2 potions of might {unknown}
 l - 2 potions of flight {unknown}
 q - a potion of degeneration {unknown}
 v - 2 potions of attraction {unknown}
 x - 2 potions of lignification {unknown}
 z - a potion of ambrosia {unknown}
 H - a potion of brilliance {unknown}


   Skills:
 + Level 3.4 Fighting
 + Level 3.7 Dodging
 - Level 1.7 Stealth
 + Level 8.8 Spellcasting
 - Level 7.0 Conjurations
 - Level 6.0 Translocations
 + Level 6.2 Invocations


You had 14 spell levels left.
You knew the following spells:

 Your Spells              Type           Power      Damage    Failure   Level
a - Magic Dart            Conj           100%       1d8       1%          1
b - Searing Ray           Conj           80%        2d7       1%          2
c - Static Discharge      Conj/Air       50%        2-5/arc   2%          2
d - Iskenderun's Mystic   Conj/Tloc      38%        2d9       4%          4
e - Dazzling Flash        Conj/Hex       50%        N/A       4%          3

Your spell library contained the following spells:

 Spells                   Type           Power      Damage    Failure   Level
 Kiss of Death            Conj/Necr      100%       2d13      1%          1
 Gell's Gravitas          Tloc           36%        N/A       1%          3
 Teleport Other           Tloc           36%        N/A       1%          3
 Slow                     Hex            36%        N/A       7%          1
 Mephitic Cloud           Conj/Pois/Air  19%        N/A       8%          3
 Cigotuvi's Dreadful Rot  Necr/Pois/Air  18%        N/A       11%         2
 Poisonous Vapours        Pois/Air       18%        N/A       11%         2
 Fulminant Prism          Conj/Hex       12%        3d9       16%         4
 Confusing Touch          Hex            9%         N/A       21%         3
 Vampiric Draining        Necr           9%         2d6       21%         3
 Dispel Undead            Necr           9%         3d8       56%         4
 Dispersal                Tloc           18%        N/A       65%         6


Dungeon Overview and Level Annotations

Branches:
Dungeon (9/15)             Temple (1/1) D:5
   Lair: D:8-11         Orc: D:9-12

Altars:
Ashenzari
Cheibriados
Dithmenos
Elyvilon
Fedhas
Gozag
Kikubaaqudgha
Makhleb
Okawaru
Qazlal
Ru
Sif Muna
Trog
Uskayaw
Xom
Yredelemnul
The Shining One

Shops:
D:5 [   D:8 *


Innate Abilities, Weirdness & Mutations

You can breathe blasts of fire.
Your fiery red scales are hard. (AC +7)
You cannot fit into any form of body armour.
Your flesh is heat resistant. (rF+)
You are cold-blooded and may be slowed by cold attacks.


Message History

The manticore barely misses you. The manticore completely misses you.
The manticore claws you but does no damage.
Magic courses through your body. The manticore bites you!
* * * LOW HITPOINT WARNING * * *
The manticore claws you but does no damage.
The manticore claws you.
* * * LOW HITPOINT WARNING * * *
Casting: Searing Ray (safe; 1% risk of failure)
Confirm with . or Enter, or press ? or * to list all spells.
You erupt in a blast of force!
The mystic blast hits the manticore!
The manticore is moderately wounded.
The manticore bites you!
* * * LOW HITPOINT WARNING * * *
The manticore claws you but does no damage.
The manticore claws you.
* * * LOW HITPOINT WARNING * * *
Casting: Iskenderun's Mystic Blast (dangerous; 4% risk of failure)
Confirm with . or Enter, or press ? or * to list all spells.
You erupt in a blast of force!
The mystic blast hits the manticore!
The manticore is heavily wounded.
The manticore is knocked back by the mystic blast.
Casting: Iskenderun's Mystic Blast (dangerous; 4% risk of failure)
Confirm with . or Enter, or press ? or * to list all spells.
Aiming: Searing Ray (safe; 1% risk of failure)
Press: ? - help, Shift-Dir - straight line, f/p - manticore
Aim: a manticore (heavily wounded, 89% to hit)
The searing ray hits the manticore!
The manticore is severely wounded. (Press . to maintain the ray.)
You carefully extract the barbed spikes from your body.
The manticore flicks its tail.
The volley of spikes hits you!!
The barbed spikes become lodged in your body.
* * * LOW HITPOINT WARNING * * *
The searing ray hits the manticore!
The manticore is severely wounded.
The manticore flicks its tail.
The volley of spikes hits you.
The barbed spikes become lodged in your body.
You die...

###### ######## #....#
#######......# #....#####
#.......@....###.........
#.......))........<......
#..###'###...###...[##.##
#..#.....#.H.###....##.##
#..#^.$.$#...............
##.#.._..#...#########.#.
#.#.....#.### #...
#.#.$...#.# ##.#
#.#######)# #..


You could see a manticore.

Vanquished Creatures
  Prince Ribbit (D:8)
  Sigmund (D:5)
  6 yaks
  A steam dragon (D:8)
  A water moccasin (D:7)
  3 ice beasts
  An orc warrior (D:5)
  2 ogres
  3 centaurs
  A kobold brigand (D:7)
  A bullfrog (D:7)
  A gnoll sergeant (D:6)
  2 scorpions
  4 wights (D:8)
  7 killer bees
  5 jellies
  4 hounds (D:6)
  2 gnoll boudas
  5 orc priests
  3 iguanas (D:4)
  A sleepcap (D:6)
  6 orc wizards
  12 adders
  17 gnolls
  3 shadow imps
  2 white imps
  2 worms
  A dart slug (D:2)
  28 orcs
  An endoplasm (D:1)
  3 giant cockroaches
  5 goblins
  6 hobgoblins
  8 jackals
  A quokka (D:4)
  9 ball pythons
  11 bats
  4 frilled lizards
  4 kobolds
  7 rats
185 creatures vanquished.

Vanquished Creatures (others)
  6 demonic plants (D:6)
  5 plants (D:6)
  6 withered plants (D:6)
17 creatures vanquished.

Grand Total: 202 creatures vanquished

Notes
Turn   | Place    | Note
-------+----------+-------------------------------------------
     0 | D:1      | NinjaNoafa the Draconian Conjurer began the quest for the
                  | Orb.
     0 | D:1      | Reached XP level 1. HP: 14/14 MP: 3/3
   214 | D:1      | Reached XP level 2. HP: 20/20 MP: 1/5
   463 | D:1      | Reached skill level 3 in Spellcasting
   469 | D:1      | Learned a level 2 spell: Searing Ray
   890 | D:2      | Reached XP level 3. HP: 26/26 MP: 0/7
   987 | D:2      | Found a faded altar of an unknown god.
  1197 | D:2      | Reached skill level 4 in Spellcasting
  1197 | D:2      | Reached XP level 4. HP: 16/33 MP: 2/10
  1891 | D:3      | Reached XP level 5. HP: 38/38 MP: 8/12
  2053 | D:3      | Found a white marble altar of Elyvilon.
  2147 | D:3      | Found a shimmering altar of Xom.
  2165 | D:3      | Found a shimmering altar of Xom.
  2165 | D:3      | Found a shimmering altar of Xom.
  2166 | D:3      | Found a shimmering altar of Xom.
  2166 | D:3      | Found a shimmering altar of Xom.
  2343 | D:4      | Reached skill level 5 in Spellcasting
  2545 | D:4      | Reached XP level 6. HP: 39/45 MP: 7/14
  2635 | D:4      | Reached skill level 5 in Conjurations
  3090 | D:4      | Identified the +11 war axe of Cowardice {flame, rC+ SInv}
  3347 | D:4      | Reached skill level 6 in Spellcasting
  3507 | D:4      | Your scales start taking on a fiery red colour.
  3507 | D:4      | Reached XP level 7. HP: 50/50 MP: 10/16
  3507 | D:4      | Gained mutation: Your flesh is heat resistant. (rF+) [Red
                  | Draconian growth]
  3598 | D:5      | Entered Level 5 of the Dungeon
  3623 | D:5      | Noticed Sigmund
  3639 | D:5      | Killed Sigmund
  3698 | D:5      | Found a staircase to the Ecumenical Temple.
  3751 | Temple   | Entered the Ecumenical Temple
  4144 | D:5      | Found a bloodstained altar of Trog.
  4154 | D:5      | Reached skill level 1 in Translocations
  4162 | D:5      | Found a shimmering blue altar of Sif Muna.
  4169 | D:5      | Got Sif Muna's Vellum of Anemomancy
  4199 | D:5      | Found Matsall's Armour Shop.
  4350 | D:5      | Reached XP level 8. HP: 19/57 MP: 11/18
  4496 | D:5      | Reached skill level 7 in Spellcasting
  4914 | D:5      | Became a worshipper of Sif Muna the Loreminder
  4963 | D:6      | Learned a level 2 spell: Static Discharge
  5429 | D:6      | Found an ancient bone altar of Kikubaaqudgha.
  5429 | D:6      | Found a blossoming altar of Fedhas.
  5598 | D:6      | Reached skill level 8 in Spellcasting
  5684 | D:7      | Reached skill level 5 in Translocations
  6116 | D:7      | Reached XP level 9. HP: 27/62 MP: 11/21
  6127 | D:7      | Reached * piety under Sif Muna
  6566 | D:5      | Bought a scarf of resistance for 416 gold pieces
  6670 | D:8      | Reached skill level 1 in Invocations
  6677 | D:7      | Learned a level 4 spell: Iskenderun's Mystic Blast
  6681 | D:7      | Learned a level 3 spell: Dazzling Flash
  6873 | D:8      | Reached skill level 5 in Invocations
  6880 | D:8      | Found a snail-covered altar of Cheibriados.
  6880 | D:8      | Found a sacrificial altar of Ru.
  6880 | D:8      | Noticed a manticore
  7002 | D:8      | Noticed Prince Ribbit
  7030 | D:8      | Killed Prince Ribbit
  7031 | D:8      | Reached XP level 10. HP: 38/77 MP: 2/22
  7164 | D:8      | Found Diry's Fire Supplies.
  7310 | D:8      | Found a basalt altar of Yredelemnul.
  7345 | D:8      | HP: 3/77 [manticore/volley of spikes (18)]
  7346 | D:8      | Killed from afar by a manticore

Illustrated notes

Levels and vault maps discovered:
D:1:      erik_arrival_cave_to_civilisation [erik_arrival_cave_to_hall],
          layout_basic
D:2:      layout_basic, ebering_ecumenical_altar_sacrificial, grunt_ministairs_7
D:3:      layout_basic, xom_redecorated, elyvilon_altar_1,
          dreamdust_mushroom_princess, minmay_ruptured
D:4:      layout_basic, serial_forest, infiniplex_forest_clump_curved,
          infiniplex_forest_clump_cross, infiniplex_forest_clump_curved,
          infiniplex_forest_end_2, infiniplex_forest_lined_ring,
          infiniplex_forest_lined_room_2, infiniplex_forest_straight_3
D:5:      layout_basic, nzn_overflow_gifts_of_might_and_magic,
          minmay_temple_entry_crystal_x, serial_shops, nicolae_shop_waterfront,
          grunt_decor_mini_mirrors, grunt_decor_arrowhead, uniq_sigmund
D:6:      layout_loops_cross, grunt_temple_overflow_growth_and_decay,
          serial_demonic, serial_demonic_b, serial_demonic_g, serial_demonic_g,
          serial_demonic_g
D:7:      layout_loops_corners
D:8:      layout_rooms, amcnicky_altar_gilded, gammafunk_temple_overflow_pools,
          nicolae_shop_fire_sale [nicolae_sub_dead_trees], uniq_prince_ribbit1
D:9:      layout_basic, zin_angel, gammafunk_temple_overflow_elements,
          mainiacjoe_overflow_six_doors_small, minmay_misc_feat_enclosed,
          uniq_grum
Temple:   nicolae_temple_colour_theory

Skill      XL: |  1  2  3  4  5  6  7  8  9 |
---------------+----------------------------+-----
Spellcasting   | 3 4 5 6 8 |  8.8
Conjurations   | 5 6 7 |  7.0
Translocations | 2 5 6 |  6.0
Invocations    | 6 |  6.2
Fighting       | 3 |  3.4
Dodging        | 3 |  3.7
Stealth        | |  1.7

Action                     |  1- 3 |  4- 6 |  7- 9 | 10-12 || total
---------------------------+-------+-------+-------+-------++-------
  Melee: Dagger            |     7 |     2 |       |       ||     9
         Punch             |     1 |       |       |       ||     1
         Tailslap          |     1 |     1 |     1 |       ||     3
         Staff             |       |    15 |    12 |     1 ||    28
   Cast: Magic Dart        |    51 |    45 |     2 |       ||    98
         Searing Ray       |     5 |    32 |    42 |     3 ||    82
         Static Discharge  |       |       |    16 |     2 ||    18
         Iskenderun's Myst |       |       |    15 |     9 ||    24
Ability: Breathe Fire      |       |       |    36 |     3 ||    39
    Use: Potion            |       |       |       |     1 ||     1
 Armour: Skin              |    16 |    31 |    41 |     5 ||    93
  Dodge: Dodged            |    45 |    43 |    77 |     6 ||   171

Table legend: (Time is in decaauts)
 A = Elapsed time spent in this place.
 B = Non-inter-level travel time spent in this place.
 C = Inter-level travel time spent in this place.
 D = Time resting spent in this place.
 E = Time spent auto-exploring this place.
 F = Levels seen in this place.
 G = Mean time per level.
                   A        B        C        D        E       F      G
               +--------+--------+--------+--------+--------+-----+--------+
         Total |   7370 |   6496 |    874 |     41 |   4785 |  10 |  737.0 |
       Dungeon |   7295 |   6430 |    865 |     41 |   4733 |   9 |  810.6 |
        Temple |     75 |     66 |      9 |      0 |     52 |   1 |   75.0 |
               +--------+--------+--------+--------+--------+-----+--------+

Top non-repeatable levels by time:
     D:5: 1399 daAuts
     D:4: 1119 daAuts
     D:7: 991 daAuts
     D:1: 903 daAuts
     D:3: 810 daAuts
     D:2: 774 daAuts
     D:6: 750 daAuts
     D:8: 545 daAuts
  Temple: 75 daAuts
     D:9: 1 daAuts
